 Dungeon Crawl Stone Soup version 0.17-a0-1475-g9f81d98 (webtiles) character file.

218 hyperquik the Insei (level 6, -1/47 HPs)
             Began as a Human Monk on July 1, 2015.
             Slain by Natasha (6 damage)
             ... on level 3 of the Dungeon.
             The game lasted 00:09:17 (3105 turns).

hyperquik the Insei (Human Monk)                    Turns: 3105, Time: 00:09:17

Health: -1/47      AC:  5    Str: 12    XL:     6   Next: 17%
Magic:  6/6        EV: 13    Int: 10    God:
Gold:   73         SH:  0    Dex: 17    Spells: 0 memorised, 5 levels left

rFire  . . .     SeeInvis .       - Unarmed
rCold  . . .     Clarity  .     a - +0 robe
rNeg   . . .     SustAt   .     (no shield)
rPois  .         Gourm    .     (no helmet)
rElec  .         Spirit   .     i - +1 cloak
rCorr  .         Warding  .     q - +0 pair of gloves
rMut   .         Stasis   .     (no boots)
MR     .....                    (no amulet)
Stlth  +++.......               (no ring)
                                k - ring of stealth {Stlth+}

@: slowed, very slow, not resistant to hostile enchantments, fairly stealthy
A: no striking features
a: no special abilities


You were on level 3 of the Dungeon.
You were not hungry.

You visited 1 branch of the dungeon, and saw 3 of its levels.

You collected 73 gold pieces.

Inventory:

Hand weapons
 x - a +0 blowgun
Missiles
 g - 113 stones (quivered)
 w - 3 poisoned needles
Armour
 a - a +0 robe (worn)
 i - a +1 cloak (worn)
 q - a +0 pair of gloves (worn)
Jewellery
 k - a ring of stealth (left hand) {Stlth+}
 t - an uncursed amulet of stasis
Scrolls
 d - 2 scrolls of magic mapping {!r}
 e - a scroll of fear
 h - a scroll of recharging {unknown}
 l - a scroll of teleportation
 m - a scroll of remove curse
 r - a scroll of enchant armour {unknown}
Potions
 c - a potion of might {unknown}
 f - a potion of curing
 j - a potion of brilliance {unknown}
 n - a potion of ambrosia {unknown}
 s - a potion of haste {unknown}
 u - 2 potions of magic
 v - a potion of flight {unknown}
Comestibles
 b - 2 bread rations
 o - 3 fruits


   Skills:
 - Level 3.0 Fighting
 - Level 3.0 Dodging
 - Level 2.0 Stealth
 + Level 7.0 Unarmed Combat


You had 5 spell levels left.
You didn't know any spells.

Dungeon Overview and Level Annotations

Branches:
Dungeon (3/15)

Altars:
Ashenzari
Elyvilon
Kikubaaqudgha
Sif Muna
Zin

Annotations:
D:3 Natasha, Sigmund


Message History

You hit the crimson imp.
You kill the crimson imp!
Your Unarmed Combat skill increases to level 7!
You have reached level 6!
Your experience leads to an increase in your attributes!
Increase (S)trength, (I)ntelligence, or (D)exterity?
You feel agile.
You regained 5 hp, and now have 44/47 hp.
MP restored: 6 All of the chunks of flesh in your inventory have rotted away.
A rat comes into view.
Health restored: 47 An orc comes into view.
It is wielding a flail.
You strike the helpless rat from a blind spot!
You punch the rat!
You kill the rat!
The orc shouts!
You hit the orc. The orc barely misses you.
Natasha, Servant of Life and Death comes into view.
You see here a rat corpse.
Natasha hisses angrily.
You barely miss the orc. The orc completely misses you.
You closely miss the orc. You hit the orc. The orc hits you with a flail.
You take 3 damage, and have 44/47 hp.
You closely miss the orc. The orc barely misses you.
You barely miss the orc.
Natasha mumbles some strange words.
Natasha glows brightly for a moment.
Natasha drinks a potion.
Natasha suddenly seems more agile.
The orc closely misses you.
You hit the orc.
You kill the orc!
Natasha claws you.
You see here a flail.
You take 1 damage, and have 43/47 hp.
You hit Natasha. Natasha barely misses you.
You miss Natasha. Natasha misses you.
You miss Natasha. Natasha claws you.
You take 3 damage, and have 40/47 hp.
You hit Natasha but do no damage. Natasha claws you but does no damage.
You miss Natasha. Natasha barely misses you.
You barely miss Natasha.
Natasha stares at you and mumbles some strange words.
You resist with some effort.
You hit Natasha. Your punch misses Natasha.
Natasha stares at you and mumbles some strange words.
You feel yourself slow down.
You hit Natasha but do no damage. Natasha misses you.
You miss Natasha. Natasha claws you!
You take 7 damage, and have 33/47 hp.
You hit Natasha but do no damage. Natasha claws you.
Natasha casts a spell at you. The magic dart hits you!
* * * LOW HITPOINT WARNING * * *
You take 10 damage, and have 23/47 hp.
MASSIVE DAMAGE!!
You miss Natasha. Natasha claws you but does no damage.
You barely miss Natasha.
Natasha stares next to you and mumbles some strange words.
A cloud of flames roars to life!
Unknown command.
Unknown command.
You barely miss Natasha. Natasha claws you.
* * * LOW HITPOINT WARNING * * *
Natasha casts a spell at thin air.
A cloud of flames roars to life!
You take 3 damage, and have 20/47 hp.
You barely miss Natasha. Natasha barely misses you.
Unknown command.
You barely miss Natasha.
Natasha mewls in sadness.
Natasha misses you.
You closely miss Natasha. Natasha barely misses you.
You barely miss Natasha. Natasha misses you.
Drink which item? (? for menu, Esc to quit)
Okay, then.
Unknown command.
You hit Natasha.
Natasha casts a spell.
Natasha casts a spell at you. The magic dart hits you!
* * * LOW HITPOINT WARNING * * *
You take 1 damage, and have 20/47 hp.
Unknown command.
You miss Natasha. Natasha claws you!
* * * LOW HITPOINT WARNING * * *
You take 9 damage, and have 11/47 hp.
You hit Natasha.
Natasha mumbles some strange words.
The crimson imp blinks!
You barely miss Natasha. Natasha claws you.
* * * LOW HITPOINT WARNING * * *
Natasha claws you.
* * * LOW HITPOINT WARNING * * *
You take 7 damage, and have 5/47 hp.
You hit Natasha. Your punch misses Natasha. Natasha completely misses you.
Unknown command.
You hit Natasha but do no damage. Natasha claws you but does no damage.
You miss Natasha. Natasha claws you.
You die...

,,,.......##......# #.#*,,,,,**,,
,,..#.....##......# ***8,,,,,8**,
,*#.#.....##.###### **,,,,,**,,
,,,....#.......# *8,,,8*##.
,,,............### **#_#**#..
***##............# ****######..
,,,,,..........#ยง# *,,,........
,,,,,..#########.# *,*,,#......
,,,,,.,,,,,,* #@# *,*,,,,.....
,,,,,,,*****####h####*,**#####.#.
,,,,,,,* #...55..#*,**........
,,,,,,,* ##.......#*,**,***#.#.
,,,***,* #........#*,,,,,,,,,#.
,,,* *,****#..............,,.....
,,,* *,*,,,#............#.,....#>
**** *,*,,,##...........#,.......
******,*,,,*######......#,.....#.


You could see Natasha and 2 crimson imps.

Vanquished Creatures
  A crimson imp (D:3)
  2 worker ants (D:3)
  7 adders
  An ooze (D:2)
  2 worms (D:2)
  2 giant geckos (D:2)
  An orc (D:3)
  9 goblins
  6 hobgoblins
  A quokka (D:2)
  5 bats
  4 giant newts
  10 kobolds
  14 rats
65 creatures vanquished.

Notes
Turn   | Place    | Note
--------------------------------------------------------------
     0 | D:1      | hyperquik the Human Monk began the quest for the Orb.
     0 | D:1      | Reached XP level 1. HP: 18/18 MP: 1/1
   240 | D:1      | Reached XP level 2. HP: 24/24 MP: 2/2
   391 | D:1      | You fall through a shaft!
   814 | D:1      | Reached XP level 3. HP: 29/29 MP: 3/3
  1020 | D:2      | Reached skill level 5 in Unarmed Combat
  1375 | D:2      | Reached XP level 4. HP: 19/35 MP: 4/4
  2300 | D:2      | Found a deep blue altar of Sif Muna.
  2540 | D:3      | Reached XP level 5. HP: 41/41 MP: 5/5
  2596 | D:3      | Found a shattered altar of Ashenzari.
  2596 | D:3      | Found an ancient bone altar of Kikubaaqudgha.
  2597 | D:3      | Found a glowing silver altar of Zin.
  2625 | D:3      | Reached skill level 6 in Unarmed Combat
  2739 | D:3      | Noticed Sigmund
  2828 | D:3      | Found a white marble altar of Elyvilon.
  3031 | D:3      | Reached skill level 7 in Unarmed Combat
  3031 | D:3      | Reached XP level 6. HP: 44/47 MP: 6/6
  3070 | D:3      | Noticed Natasha
  3100 | D:3      | HP: 11/47 [Natasha (9)]
  3102 | D:3      | HP: 5/47 [Natasha (5)]
  3105 | D:3      | Slain by Natasha

Vault maps used:
D:1:      dpeg_arrival_short_road
D:2:      lemuel_coloured_pillars_altar, first_bread
D:3:      nicolae_overflow_hidden_temple, gammafunk_temple_overflow_claw,
          uniq_sigmund, uniq_natasha

Action                   |  1- 3 |  4- 6 || total
-------------------------+-------+-------++-------
Melee: Unarmed           |   106 |   148 ||   254
Throw: Stone             |     2 |       ||     2
  Use: Scroll            |       |     7 ||     7
 Stab: Sleeping          |     8 |     7 ||    15
       Distracted        |       |     1 ||     1
  Eat: Chunk             |     1 |     6 ||     7

Vault maps used:
D:1:      dpeg_arrival_short_road
D:2:      lemuel_coloured_pillars_altar, first_bread
D:3:      nicolae_overflow_hidden_temple, gammafunk_temple_overflow_claw,
          uniq_sigmund, uniq_natasha

Table legend:
 A = Turns spent in this place as a percentage of turns spent in the entire game.
 B = Non-inter-level travel turns spent in this place as a percentage of non-inter-level travel turns spent in the entire game.
 C = Inter-level travel turns spent in this place as a percentage of turns spent in this place.
 D = Turns resting spent in this place as a percentage of non-inter-level travel turns spent in this place.
 E = Turns spent auto-exploring this place as a percentage of non-inter-level travel turns spent in this place.
 F = Non-inter-level travel turns spent in this place divided by the number of levels of this place that you've seen.
                   A       B       C       D       E      F
               +-------+-------+-------+-------+-------+----------------------
         Total | 100.0 | 100.0 |   1.0 |   1.5 |   9.6 | 268.0
       Dungeon | 100.0 | 100.0 |   1.0 |   1.5 |   9.6 | 268.0
               +-------+-------+-------+-------+-------+----------------------

Table legend:
 A = Kills in this place as a percentage of kills in entire the game.
 B = Kills by you in this place as a percentage of kills by you in the entire game.
 C = Kills by friends in this place as a percentage of kills by friends in the entire game.
 D = Other kills in this place as a percentage of other kills in the entire game.
 E = Experience gained in this place as a percentage of experience gained in the entire game.
 F = Experience gained in this place divided by the number of levels of this place that you have seen.
                   A       B       C       D       E      F
               +-------+-------+-------+-------+-------+----------------------
         Total | 100.0 | 100.0 |  -nan |  -nan | 100.0 | 104.0
       Dungeon | 100.0 | 100.0 |  -nan |  -nan | 100.0 | 104.0
               +-------+-------+-------+-------+-------+----------------------
